AoeStats
← Phina7x

Baltic

510484114Analyzed
2v2 RM · 22h ago on Oct 1, 2026· 37m 30s· 4 players
Game mode
Random Map
Map size
Medium (4 player)
Population
200
Speed
Normal
Resources
Standard
Victory
Conquest
Starting age
Dark Age
Ending age
Imperial Age
RankedLock teamsTeams togetherTeam positionsShared explorationLock speedFull tech treeHidden civsTurbo modeCheats
Victory
Defeat
🇦🇷 Celts · Argentina
920
+17
🇨🇱 Goths · Chile
915
+17
🇨🇦 Bohemians · Canada
962
-18
🇨🇦 Burgundians · Canada
919
-16
El_Gusano
0:26 Loom
10:49 Feudal Age
11:29 Double-Bit Axe
17:18 Castle Age
17:44 Forging
17:34 Scale Mail Armor
17:23 Pikeman
18:15 Bow Saw
17:49 Horse Collar
18:02 Gold Mining
18:55 Stone Mining
21:59 Heavy Plow
22:39 Chain Mail Armor
24:25 Iron Casting
25:52 Wheelbarrow
27:05 Hand Cart
28:57 Squires
36:31 Imperial Age
35:44 Town Watch
37:22 Halberdier
39:06 Blast Furnace
Phina7x
5:34 Loom
10:55 Feudal Age
13:18 Fishing Lines
17:07 Castle Age
19:15 Gillnets
19:20 Double-Bit Axe
21:46 Wheelbarrow
22:06 Forging
22:39 Bow Saw
24:15 Medium Warships
25:36 Demolition Ship
28:27 Iron Casting
27:53 Scale Mail Armor
28:11 Town Watch
Mr. Excel
8:18 Double-Bit Axe
11:05 Feudal Age
16:20 Castle Age
14:31 Horse Collar
16:22 Cavalier
19:31 Scale Barding Armor
21:33 Elite Skirmisher
25:57 Heavy Plow
26:01 Town Watch
28:09 Fletching
28:20 Padded Archer Armor
33:24 Bodkin Arrow
Sleve McDichael
4:03 Loom
11:19 Feudal Age
18:10 Castle Age
16:22 Double-Bit Axe
17:43 Horse Collar
22:11 Fletching
23:07 Wheelbarrow
26:15 Medium Warships
31:57 Bodkin Arrow
34:58 Chemistry
Connection lost

Rejoining the realm…

Still unreachable

The connection could not be restored.

Session expired

The server has moved on; the page needs a fresh start.